 Dungeon Crawl Stone Soup version 0.22.0-6-g71bd7aa (webtiles) character file.

1356 letownia2 the Martial Artist (level 8, -1/58 HPs)
             Began as a Demonspawn Transmuter on Aug 15, 2018.
             Slain by a centaur (3 damage)
             ... on level 7 of the Dungeon.
             The game lasted 00:20:11 (3444 turns).

letownia2 the Martial Artist (DsTm)                 Turns: 3444, Time: 00:20:12

Health: -1/58      AC:  2    Str: 12    XL:     8   Next: 37%
Magic:  2/11       EV: 19    Int: 15    God:
Gold:   357        SH:  0    Dex: 19    Spells: 5/11 levels left

rFire    . . .     SeeInvis .     - Unarmed
rCold    . . .     Gourm    .   (shield currently unavailable)
rNeg     . . .     Faith    .   (armour currently unavailable)
rPois    x         Spirit   .   (helmet currently unavailable)
rElec    .         Reflect  .   (cloak currently unavailable)
rCorr    .         Harm     .   (gloves currently unavailable)
MR       .....     Rnd*Tele +   (boots currently unavailable)
Stlth    ++........             (no amulet)
HPRegen  0.19/turn              x - ring of teleportation
MPRegen  0.12/turn              B - ring of flight

@: spider-form, very slightly contaminated
A: tiny, rugged brown scales 1
a: End Transformation, Evoke Flight


You were on level 7 of the Dungeon.
You were hungry.
You were a venomous arachnid creature.
You visited 1 branch of the dungeon, and saw 7 of its levels.
You also visited: Sewer.

You collected 357 gold pieces.

Inventory:

Hand Weapons
 t - a +0 short sword
 E - a +0 shortbow
Missiles
 a - 89 arrows
 j - 15 poisoned needles
 y - 2 poisoned tomahawks (quivered)
 C - 61 sling bullets
 J - 5 tomahawks
Armour
 b - a +0 robe
 p - a +0 cloak (melded)
 q - a +0 leather armour
 u - a +0 chain mail
 v - a +0 pair of gloves
 F - the +3 ring mail "Iduih" (melded) {Str+4 Dex+2}
   (You found it on level 4 of the Dungeon)

   It affects your strength (+4).
   It affects your dexterity (+2).
Jewellery
 x - a ring of teleportation (left front leg)
 B - a ring of flight (right front leg)
 M - an uncursed ring of stealth {unknown}
Wands
 D - a wand of random effects (38)
 N - a wand of iceblast (10)
Scrolls
 e - 4 scrolls of remove curse
 f - 5 scrolls of fear
 h - 2 scrolls of amnesia {unknown}
 i - 3 scrolls of identify
 k - a scroll of enchant armour {unknown}
 o - 3 scrolls of fog {unknown}
 s - 3 scrolls of teleportation {unknown}
 w - a scroll of enchant weapon {unknown}
 A - a scroll of random uselessness {unknown}
 L - a scroll of noise {unknown}
Potions
 c - a potion of haste
 g - a potion of lignification
 l - 4 potions of heal wounds
 m - 4 potions of curing
 n - 4 potions of brilliance
 r - 2 potions of magic
 z - a potion of mutation
 G - 4 potions of might {unknown}
 H - a potion of agility {unknown}
 K - a potion of degeneration {unknown}
Comestibles
 d - 11 rations
 I - a chunk of flesh


   Skills:
 - Level 2.5 Fighting
 - Level 2.7 Armour
 - Level 1.7 Dodging
 + Level 8.4 Unarmed Combat
 - Level 2.0 Spellcasting
 - Level 2.8 Transmutations
 - Level 2.2 Poison Magic


You had 5 spell levels left.
You knew the following spells:

 Your Spells              Type           Power        Failure   Level  Hunger
a - Beastly Appendage     Tmut           ##....       19%         1    #......
l - Sticks to Snakes      Tmut           ##......     26%         2    ###....
p - Spider Form           Tmut/Pois      #.........   45%         3    ###....

Your spell library contained the following spells:

 Spells                   Type           Power        Failure   Level  Hunger
 Magic Dart               Conj           #...         43%         1    #......
 Iskenderun's Mystic Bla  Conj           #.......     98%         4    #####..
 Blade Hands              Tmut           ##........   96%         5    ######.
 Ice Form                 Ice/Tmut       #.......     90%         4    #####..
 Fulminant Prism          Conj/Hex       #.........   98%         4    #####..
 Dazzling Spray           Conj/Hex       #.....       75%         3    ###....
 Force Lance              Conj/Tloc      #.......     98%         4    #####..
 Searing Ray              Conj           #.....       54%         2    ###....


Dungeon Overview and Level Annotations

Branches:
Dungeon (7/15)             Temple (0/1) D:7

Altars:
Gozag
Makhleb
Okawaru
Qazlal

Annotations:
D:2 Natasha
D:6 Pikel


Innate Abilities, Weirdness & Mutations

((You have a pair of horns on your head.))
(You are partially covered in rugged brown scales. (AC +1, +3% HP))
((Your flesh is heat resistant. (rF+)))


Message History

Your ball python barely misses the centaur.
Something hits you.
* * * LOW HITPOINT WARNING * * *
Something shocks you.
* * * LOW HITPOINT WARNING * * *
The centaur completely misses you. The crimson imp spits at you.
Unknown command.
Unknown command.
You barely miss the centaur.
The centaur is moderately wounded.
Your ball python barely misses the centaur.
A sky beast appears from thin air!
Reactivating autopickup.
The sky beast hits you.
* * * LOW HITPOINT WARNING * * *
The sky beast shocks you.
* * * LOW HITPOINT WARNING * * *
The centaur hits you.
You die...

..# . ### .. ..# .##
...###. #.# ..#
#<..P.. #.# #.#
#.[.... #J# #.#
#...>.. #.# #.#
#...P.. ###.###.###
#......###.......<.#
#5Ys..#.###.###
#.cS..#.# #.#
...........# #.#
#.###.......# #..
#......## ###
#.#.#.## #.#.#.#
#.#....


You could see a sky beast, a centaur, a crimson imp and a friendly ball python.

Vanquished Creatures
  2 ogres
  A phantom (D:4)
  A centaur (D:4)
  A bullfrog (D:6)
  A scorpion (D:6)
  2 jellies
  4 hounds
  3 orc priests
  4 iguanas
  6 worker ants
  3 gnolls (D:5)
  13 adders
  A river rat (D:6)
  An adder zombie (D:5)
  3 worms (D:6)
  A dart slug (D:1)
  7 leopard geckos
  19 orcs
  4 ball pythons
  5 giant cockroaches
  7 goblins
  A hobgoblin (D:1)
  17 jackals
  3 quokkas
  6 bats
  4 frilled lizards
  18 kobolds
  A leopard gecko skeleton (D:4)
  A leopard gecko zombie (D:5)
  10 rats
  5 plants (Sewer)
155 creatures vanquished.

Vanquished Creatures (collateral kills)
  A black bear (D:7)
1 creature vanquished.

Grand Total: 156 creatures vanquished

Notes
Turn   | Place    | Note
-------+----------+-------------------------------------------
     0 | D:1      | letownia2 the Demonspawn Transmuter began the quest for the Orb.
     0 | D:1      | Reached XP level 1. HP: 15/15 MP: 3/3
   116 | D:1      | Reached skill level 3 in Unarmed Combat
   211 | D:1      | Gained mutation: You are partially covered in rugged brown scales. (AC +1, +3% HP) [demonic ancestry]
   211 | D:1      | Reached XP level 2. HP: 9/21 MP: 3/5
   289 | D:1      | Learned a level 2 spell: Sticks to Snakes
   435 | D:2      | Noticed Natasha
   534 | D:1      | Reached XP level 3. HP: 19/26 MP: 4/6
   672 | D:2      | Reached skill level 4 in Unarmed Combat
   822 | D:3      | Found an iron altar of Okawaru.
   859 | D:3      | Mutation became permanent: You have a pair of small horns on your head. [demonic ancestry]
   859 | D:3      | Gained mutation: You have a pair of horns on your head. [demonic ancestry]
   859 | D:3      | Reached XP level 4. HP: 28/32 MP: 4/7
   922 | D:2      | Learned a level 3 spell: Spider Form
   979 | D:2      | Reached skill level 1 in Poison Magic
   979 | D:2      | Gained mutation: You have a pair of horns on your head. [demonic ancestry]
   979 | D:2      | Reached XP level 5. HP: 22/39 MP: 0/8
  1129 | D:2      | Found a burning altar of Makhleb.
  1295 | D:3      | Reached skill level 5 in Unarmed Combat
  1335 | D:3      | Found an opulent altar of Gozag.
  1442 | D:3      | Found a stormy altar of Qazlal.
  1551 | D:3      | Reached XP level 6. HP: 25/47 MP: 4/9
  1656 | D:4      | Got a jewelled ring mail
  1667 | D:4      | Identified the +3 ring mail "Iduih" {Str+4 Dex+2} (You found it on level 4 of the Dungeon)
  1684 | D:5      | Entered Level 5 of the Dungeon
  1985 | D:4      | Reached skill level 6 in Unarmed Combat
  1985 | D:4      | Reached XP level 7. HP: 52/52 MP: 10/10
  2337 | D:6      | Noticed Pikel
  2338 | D:6      | HP: 1/52 [slave[Pikel] (3)]
  2521 | D:5      | Reached skill level 7 in Unarmed Combat
  2775 | D:6      | Found a glowing drain.
  2783 | Sewer    | Entered a sewer
  3020 | Sewer    | Reached skill level 1 in Armour
  3182 | D:6      | Gained mutation: Your flesh is heat resistant. (rF+) [demonic ancestry]
  3182 | D:6      | Reached XP level 8. HP: 44/58 MP: 11/11
  3316 | D:6      | Reached skill level 8 in Unarmed Combat
  3427 | D:7      | Found a staircase to the Ecumenical Temple.
  3444 | D:7      | HP: 2/58 [sky beast (5)]
  3444 | D:7      | Slain by a centaur

Skill      XL: |  1  2  3  4  5  6  7  8 |
---------------+-------------------------+-----
Unarmed Combat | 3 4 5 6 7 8 |  8.4
Transmutations | 2 |  2.8
Poison Magic   | 1 2 |  2.2
Fighting       | 2 |  2.5
Armour         | 1 2 |  2.7
Dodging        | |  1.7
Spellcasting   | |  2.0

Action                   |  1- 3 |  4- 6 |  7- 9 || total
-------------------------+-------+-------+-------++-------
Melee: Unarmed           |   129 |   133 |   261 ||   523
       Kick              |    13 |    12 |    18 ||    43
       Headbutt          |     6 |    15 |    36 ||    57
       Punch             |     1 |     2 |     3 ||     6
Throw: Tomahawk          |       |       |     1 ||     1
 Cast: Beastly Appendage |    22 |     7 |     7 ||    36
       Spider Form       |       |     5 |    12 ||    17
       Sticks to Snakes  |       |     3 |     3 ||     6
 Abil: End Transformatio |       |       |     1 ||     1
       Evoke Flight      |       |       |     1 ||     1
  Use: Scroll            |       |     5 |     2 ||     7
       Potion            |       |     3 |     1 ||     4
 Stab: Sleeping          |     1 |       |       ||     1
  Eat: Chunk             |     1 |     5 |     8 ||    14
Armor: Robe              |    26 |       |       ||    26
       Leather armour    |     9 |    25 |       ||    34
       Ring mail         |       |    16 |    48 ||    64
       Skin              |       |       |     2 ||     2
Dodge: Dodged            |    80 |    87 |   150 ||   317
